 Dungeon Crawl Stone Soup version 0.30.1-4-g462c640d31 (webtiles) character file.

Game seed: 4837117717303142817

60 kingsuperguy the Covered (level 3, -1/33 HPs)
             Began as an Armataur Fighter on Aug 29, 2023.
             Slain by an orc wizard
             ... wielding a +2 dagger of venom
              (6 damage)
             ... on level 3 of the Dungeon.
             The game lasted 00:04:14 (1807 turns).

kingsuperguy the Covered (Armataur Fighter)         Turns: 1807, Time: 00:04:15

Health: -1/33      AC:  8    Str: 17 (23) XL:     3   Next: 80%
Magic:  3/3        EV:  8    Int:  4 (8)  God:
Gold:   136        SH:  5    Dex: 15 (21) Spells: 2/2 levels left

rFire   + . .        a - +0 flail
rCold   . . .        c - +0 buckler
rNeg    . . .        e - +1 ring mail {rF+}
rPois   .            (no helmet)
rElec   .            (no cloak)
rCorr   .            m - +0 pair of gloves
SInv    .            (no barding)
Will    .....        (no amulet)
Stlth   +            h - +6 ring of dexterity
HPRegen 0.25/turn    l - +6 ring of dexterity
MPRegen 0.08/turn

%: roll
@: mighty, lethally poisoned (-1 -> -6), weak-willed
A: large, rugged brown scales 3, deformed body, armoured tail, roll, long
tongue, awkward tongue
a: no special abilities


You were on level 3 of the Dungeon.
You visited 1 branch of the dungeon, and saw 3 of its levels.

You collected 136 gold pieces.

Inventory:

Hand Weapons
 a - a +0 flail (weapon)
Missiles
 o - 4 curare-tipped darts (quivered)
Armour
 b - a +0 scale mail
 c - a +0 buckler (worn)
 e - a +1 ring mail of fire resistance (worn)
 m - a +0 pair of gloves (worn)
Jewellery
 h - a +6 ring of dexterity (left hand)
 i - a ring of poison resistance
 l - a +6 ring of dexterity (right hand)
Scrolls
 d - 3 scrolls of identify {unknown}
 k - a scroll of enchant armour {unknown}
 n - a scroll of teleportation {unknown}


   Skills:
 + Level 3.2 Fighting
 + Level 2.3 Maces & Flails
 + Level 4.2 Armour
 + Level 0.2 Dodging
 + Level 0.5 Stealth
 + Level 3.7 Shields


You had 2 spell levels left.
You didn't know any spells.
Your spell library contained the following spells:

 Spells                   Type           Power      Damage    Failure   Level
 Sting                    Tmut/Pois      0%         1d3       78%         1
 Blink                    Tloc           0%         N/A       89%         2
 Poisonous Vapours        Pois/Air       0%         N/A       89%         2
 Ozocubu's Armour         Ice            0%         N/A       98%         3
 Manifold Assault         Tloc           0%         N/A       100%        4
 Olgreb's Toxic Radiance  Pois           0%         N/A       100%        4
 Metabolic Englaciation   Hex/Ice        0%         N/A       100%        5
 Simulacrum               Ice/Necr       0%         N/A       100%        6
 Storm Form               Tmut/Air       0%         N/A       100%        7
 Borgnjor's Revivificati  Necr           0%         N/A       100%        8
 Necromutation            Tmut/Necr      0%         N/A       100%        8
 Death's Door             Necr           0%         N/A       100%        9


Dungeon Overview and Level Annotations

Branches:
Dungeon (3/15)

Altars:
Zin


Innate Abilities, Weirdness & Mutations

You are completely covered in rugged brown scales. (AC +3, +7% HP)
Armour fits poorly on your strangely shaped body.
You have a long armoured tail.
You roll when moving toward enemies. (Rampage)
Your long tongue fully drains potion bottles. (2x potion effects)
Your tongue gives you trouble enunciating. (1.5x scroll delay)


Message History

You feel very mighty all of a sudden.
You slurp down every last drop of the potion of might!
You feel sick.
The orc wizard points at you and mumbles some strange words.
The magic dart hits you.
You bump into the rock wall.
You feel sick. The orc wizard barely misses you.
The orc priest hits you with a +0 short sword.
Something hits you but does no damage.
You closely miss something.
You feel sick.
The orc wizard gestures wildly while chanting.
The orc wizard flickers and vanishes!
The orc priest barely misses you. Something hits you.
* * * LOW HITPOINT WARNING * * *
It was a potion of degeneration.
There was something very wrong with that liquid.
You feel weakened.
You feel dopey.
You feel clumsy.
You slurp down every last drop of the potion of degeneration!
You feel sick.
The orc priest hits you but does no damage.
Something hits you.
* * * LOW HITPOINT WARNING * * *
You are lethally poisoned!
Something hits you.
* * * LOW HITPOINT WARNING * * *
It was a potion of curing.
You feel better.
You slurp down every last drop of the potion of curing!
The orc priest hits you but does no damage.
Something hits you but does no damage.
You are poisoned.
Something hits you.
You feel very sick.
The orc priest invokes the aid of Beogh against you.
Beogh smites you!
* * * LOW HITPOINT WARNING * * *
Something hits you but does no damage.
As you slowly read the scroll labelled HULOMN CENO, it crumbles to dust.
Magic quickly surges around you.
It was a scroll of vulnerability.
* * * LOW HITPOINT WARNING * * *
You feel sick. Something hits you.
You die...

. o## #.# .. .. #.# # #.
..#.#.# #.. .#.#. #...
... . .###..#.###.#
.'.......<....#
.#.###############
........o.@......#####.#
#.......{####..........
#.....)..# #.#.#######
..........# #.#.#<....#
..........# #.#.#.###.##
............ #.#.#.#....#
.............#.#.#.#.#.##
.#...........#.#.#.#.#.#
###.........#.#.#.#.#.#


You could see an orc priest (weak-willed).

Vanquished Creatures
  A gnoll (D:1)
  An adder (D:2)
  A dart slug (D:1)
  An orc (D:3)
  4 ball pythons (D:2)
  4 bats
  2 endoplasms
  3 hobgoblins
  6 kobolds
  A quokka (D:1)
  3 frilled lizards (D:1)
  6 goblins
  2 rats
35 creatures vanquished.

Notes
Turn   | Place    | Note
-------+----------+-------------------------------------------
     0 | D:1      | kingsuperguy the Armataur Fighter began the quest for the
                  | Orb.
     0 | D:1      | Reached XP level 1. HP: 19/19 MP: 1/1
    17 | D:1      | Reached XP level 2. HP: 23/26 MP: 2/2
   121 | D:1      | HP: 1/27 [goblin/+0 club (4)]
   149 | D:1      | Reached skill level 4 in Armour
   323 | D:1      | Reached XP level 3. HP: 31/33 MP: 3/3
  1568 | D:2      | Found a glowing silver altar of Zin.
  1807 | D:3      | Slain by an orc wizard

Illustrated notes

Levels and vault maps discovered:
D:1:      elethiomel_arrival_shortcut, layout_loops_ring
D:2:      layout_rooms, basic_altar, reono_crystal_passage,
          amcnicky_mini_pool_small
D:3:      layout_basic, trog_three_pillars_becter, fedhas_ov_isle_minmay,
          yredelemnul_altar_generic, serial_shops, nicolae_shop_back_alley_shop

Skill      XL: |  1  2 |
---------------+-------+-----
Fighting       | 3 |  3.2
Armour         | 4 |  4.2
Maces & Flails | 2 |  2.3
Dodging        | |  0.2
Stealth        | |  0.5
Shields        | |  3.7

Action                     || total
---------------------------++-------
  Melee: Flail             ||    79
         Tailslap          ||     7
    Use: Potion            ||     5
         Scroll            ||     1
   Stab: Sleeping          ||     1
 Armour: Scale mail        ||    27
         Skin              ||     2
         Ring mail         ||    24
  Dodge: Dodged            ||    32
  Block: Buckler           ||    16
